 Dungeon Crawl Stone Soup version 0.23.1-37-gaa34b87b72 (webtiles) character file.

Game seed: 9858721818721044996

27 MisterOstroum the Grasshopper (level 2, -4/14 HPs)
             Began as a Spriggan Warper on Mar 22, 2019.
             Slain by a worm (9 damage)
             ... on level 2 of the Dungeon.
             The game lasted 00:10:46 (1711 turns).

MisterOstroum the Grasshopper (Spriggan Warper)     Turns: 1711, Time: 00:10:47

Health: -4/14      AC:  2    Str:  7    XL:     2   Next: 93%
Magic:  5/6        EV: 18    Int: 14    God:
Gold:   54         SH:  0    Dex: 15    Spells: 2/6 levels left

rFire    . . .     SeeInvis +   a - +0 short sword
rCold    . . .     Gourm    .   (shield restricted)
rNeg     . . .     Faith    .   b - +0 robe
rPois    .         Spirit   .   (helmet restricted)
rElec    .         Reflect  .   (no cloak)
rCorr    .         Harm     .   (gloves unavailable)
MR       .....                  (boots unavailable)
Stlth    ++........             (no amulet)
HPRegen  0.04/turn              (no ring)
MPRegen  0.10/turn              (no ring)

@: shrouded (expiring), very quick
A: very small, unfitting armour, see invisible, herbivore, speed 3, slow
metabolism 2
a: no special abilities


You were on level 2 of the Dungeon.
You were not hungry.

You visited 1 branch of the dungeon, and saw 2 of its levels.

You collected 54 gold pieces.

Inventory:

Hand Weapons
 a - a +0 short sword (weapon)
 i - a +0 dagger
 l - a +0 dagger
Missiles
 c - 65 stones (quivered)
 g - 18 poisoned needles
Armour
 b - a +0 robe (worn)
Scrolls
 d - a scroll of blinking
 h - a scroll of teleportation {unknown}
 j - a scroll of fog {unknown}
 k - a scroll of remove curse {unknown}
 m - 2 scrolls of identify {unknown}
 n - 3 scrolls of enchant weapon {unknown}
Potions
 e - a potion of berserk rage {unknown}
 o - a potion of agility {unknown}
Comestibles
 f - 2 rations


   Skills:
 - Level 1.5 Fighting
 + Level 2.8 Short Blades
 - Level 1.0 Throwing
 - Level 3.5 Dodging
 + Level 3.2 Stealth
 + Level 2.8 Spellcasting
 + Level 4.4 Translocations


You had 2 spell levels left.
You knew the following spells:

 Your Spells              Type           Power        Failure   Level  Hunger
a - Blink                 Tloc           N/A          5%          2    ###....
b - Shroud of Golubria    Chrm/Tloc      #.........   13%         2    ###....

Your spell library contained the following spells:

 Spells                   Type           Power        Failure   Level  Hunger
 Gell's Gravitas          Tloc           ##........   11%         3    ###....
 Lesser Beckoning         Tloc           ##........   11%         3    ###....
 Teleport Other           Tloc           ##......     11%         3    ###....
 Passage of Golubria      Tloc           N/A          34%         4    #####..


Dungeon Overview and Level Annotations

Branches:
Dungeon (2/15)

Altars:
Gozag

Shops:
D:2 *


Innate Abilities, Weirdness & Mutations

You are very small and have problems with some larger weapons.
You are too small for most types of armour.
You have supernaturally acute eyesight. (SInv)
You are a herbivore.
You cover ground extremely quickly.
You need to consume almost no food.


Message History

You barely miss the worm.
The worm is severely wounded.
Your shroud begins to fray at the edges.
The worm misses you.
The crimson imp blinks!
You hit the worm.
The worm is almost dead.
The crimson imp hits you.
* * * LOW HITPOINT WARNING * * *
You hit the worm but do no damage.
The worm is almost dead.
The worm misses you.
You hit the worm.
The worm is almost dead.
The crimson imp misses you.
You hit the worm.
The worm is almost dead.
Your shroud bends the crimson imp's attack away.
The worm bites you!
Ouch! That really hurt!
You die...

#...# #.(.#
#...# #...#
#...# #...#
#.# ####(#
#5@w.#
#######.##.#
#.....#.####
#.###.#.# .
#.# #.#.# .
#.# #.#.# ..
#.# #...#
≈≈. #####.#
#####
.≈.##.....#


You could see a worm and a crimson imp.

Vanquished Creatures
  A leopard gecko (D:2)
  3 bats (D:1)
  2 giant cockroaches (D:1)
  5 goblins (D:1)
  A hobgoblin (D:1)
  4 jackals (D:1)
  A frilled lizard (D:1)
  3 kobolds
  4 rats
24 creatures vanquished.

Notes
Turn   | Place    | Note
-------+----------+-------------------------------------------
     0 | D:1      | MisterOstroum the Spriggan Warper began the quest for the
                  | Orb.
     0 | D:1      | Reached XP level 1. HP: 10/10 MP: 5/5
     0 | D:1      | Noticed an iron dragon
     3 | D:1      | Noticed a shadow dragon
     6 | D:1      | Noticed an iron dragon
     7 | D:1      | Noticed an orb of fire
     8 | D:1      | Noticed a shadow dragon
    10 | D:1      | Noticed a large abomination
    10 | D:1      | Noticed a tentacled monstrosity
    12 | D:1      | Noticed a large abomination
    16 | D:1      | Noticed a large abomination
    16 | D:1      | Noticed a large abomination
    16 | D:1      | Noticed a shadow dragon
    18 | D:1      | Noticed a large abomination
    20 | D:1      | Noticed a shadow dragon
    67 | D:1      | Reached skill level 1 in Stealth
   277 | D:1      | Reached XP level 2. HP: 12/14 MP: 6/6
  1164 | D:1      | Learned a level 2 spell: Blink
  1307 | D:2      | Found Gozag's Platinum Reserve.
  1329 | D:2      | Learned a level 2 spell: Shroud of Golubria
  1352 | D:2      | Noticed a crimson imp
  1575 | D:2      | Noticed a crimson imp
  1665 | D:2      | Found an opulent altar of Gozag.
  1711 | D:2      | Slain by a worm

Skill      XL: |  1  2 |
---------------+-------+-----
Stealth        | 2 3 |  3.2
Fighting       | |  1.5
Short Blades   | |  2.8
Throwing       | |  1.0
Dodging        | |  3.5
Spellcasting   | |  2.8
Translocations | |  4.4

Action                   || total
-------------------------++-------
Melee: Short sword       ||   149
       Dagger            ||    34
Throw: Tomahawk          ||     5
       Stone             ||    34
 Cast: Shroud of Golubri ||     5
       Blink             ||     2
 Stab: Sleeping          ||     2
Armor: Robe              ||    17
Dodge: Dodged            ||   156
